Map: Para Site LE

Players

DnS

  • Race: Protoss Protoss
  • League: Grandmaster
  • Spawn Location: 5:00

Elazer - Winner!

  • Race: Zerg Zerg
  • Spawn Location: 11:00

Event: IEM Season 13 - Katowice Server Qualifiers Europe

VOD

Have the link to the VOD?

Description

Time

  • Played on: Jan. 8, 2019, 10:50 a.m.
  • Length: 19:31

All games in this series

Show
View Real Time Build Order
Export as new Build Order

DnS Protoss 

Build Orders: 1 Gate Expand, Oracle Opening, Archon Immortal, Archon Drop 

Get SALT Encoding   

  12  0:00  Probe  
  13  0:12  Probe  
  14  0:18  Pylon  
  14  0:24  Probe  
  15  0:33  Probe  
  15  0:39  Gateway  
  15  0:41  Probe  
  16  0:47  Assimilator  
  17  0:51  Probe  
  18  1:03  Probe  
  19  1:15  Probe  
  20  1:24  Nexus  
  20  1:35  Cybernetics Core  
  20  1:38  Probe  
  21  1:44  Assimilator  
  21  1:50  Probe  
  21  1:53  Pylon  
  22  2:02  Probe, Adept  
  23  2:14  Probe  
  26  2:19  Stargate  
  26  2:26  Probe  
  26  2:28  Adept  
  29  2:32  Probe  
  30  2:38  Probe  
  30  2:41  Probe  
  30  2:42  Warp Gate  
  31  2:51  Probe x2  
  33  2:55  Stalker  
  33  2:57  Oracle  
  36  3:03  Probe x2  
  41  3:15  Probe x2, Pylon  
  43  3:21  Assimilator  
  43  3:25  Assimilator  
  43  3:27  Oracle, Probe x2  
  45  3:39  Probe x2  
  50  3:43  Gateway  
  50  3:51  Probe  
  50  3:52  Probe  
  50  3:54  Pylon  
  52  3:58  Robotics Facility  
  52  4:03  Probe  
  52  4:04  Probe  
  54  4:15  Probe, Twilight Council  
  55  4:17  Probe  
  56  4:25  Gateway  
  56  4:26  Gateway  
  56  4:34  Warp Prism  
  56  4:37  Gateway  
  56  4:39  Gateway  
  56  4:42  Pylon  
  56  4:43  Charge  
  58  4:48  Zealot x2  
  62  5:00  Templar Archives, Probe  
  62  5:05  Pylon  
  63  5:27  Immortal  
  63  5:31  Nexus  
  63  5:35  Probe  
  68  5:36  High Templar x2  
  68  5:37  High Templar x2  
  68  5:41  Pylon  
  76  5:43  Archon  
  76  5:44  Archon  
  76  5:48  Probe  
  77  5:52  Robotics Facility, Probe  
  78  5:58  Immortal  
  78  6:00  Probe  
  78  6:03  Forge  
  79  6:05  Pylon  
  83  6:11  Probe  
  83  6:16  Probe  
  85  6:23  Probe  
  86  6:26  Pylon  
  86  6:27  Protoss Ground Weapons Level 1  
  86  6:28  Probe  
  87  6:34  Observer  
  87  6:35  Probe  
  87  6:39  Immortal  
  93  6:40  Probe  
  93  6:41  Assimilator  
  93  6:45  Pylon x2  
  93  6:46  Assimilator  
  94  6:47  Probe  
  94  6:48  Psionic Storm  
  94  6:52  Probe x2  
  94  7:01  Immortal  
  94  7:08  Probe  
  99  7:15  Immortal, Probe x2, High Templar  
  103  7:20  Probe  
  104  7:27  Probe x2  
  104  7:29  Pylon  
  110  7:32  Probe  
  110  7:34  Pylon  
  110  7:36  Pylon  
  110  7:37  High Templar  
  113  7:38  Gateway x2  
  113  7:39  Probe x2  
  113  7:40  Immortal, High Templar  
  121  7:48  High Templar  
  123  7:57  Immortal  
  127  8:00  Probe x2  
  127  8:01  High Templar, Pylon  
  129  8:11  Gateway  
  129  8:13  Zealot  
  129  8:14  Zealot x3  
  129  8:17  Pylon  
  137  8:20  Protoss Ground Weapons Level 2  
  137  8:24  Immortal  
  141  8:33  High Templar  
  143  8:34  High Templar  
  143  8:35  Photon Cannon  
  143  8:36  Photon Cannon  
  143  8:37  Photon Cannon  
  136  8:51  Zealot x6  
  136  9:05  Zealot x2  
  138  9:29  Fleet Beacon  
  124  9:32  Stargate, Probe x2  
  124  9:33  Stargate  
  124  9:35  Stalker x3  
  124  9:36  Zealot x2  
  134  9:48  Probe  
  135  9:57  Zealot  
  135  9:58  Zealot  
  139  10:01  Probe x2  
  139  10:06  High Templar x2  
  139  10:07  High Templar x2  
  147  10:12  Pylon  
  149  10:15  Archon x2  
  154  10:23  Carrier x2  
  154  10:27  Nexus  
  150  10:33  Carrier  
  150  10:35  Probe x3  
  156  11:01  Zealot x5  
  151  11:13  Tempest  
  151  11:17  High Templar x2  
  151  11:18  Zealot x2  
  131  11:29  Zealot x5  
  131  11:30  Tempest x2  
  144  11:33  Nexus  
  144  11:35  Pylon  
  140  11:58  Assimilator  
  140  12:00  Pylon  
  128  12:02  Pylon  
  128  12:03  Assimilator  
  128  12:05  Tempest  
  128  12:08  Pylon  
  131  12:19  Tempest  
  131  12:22  Pylon  
  136  12:24  Pylon  
  132  12:41  High Templar x2  
  136  12:49  Probe x3  
  137  13:01  Probe x2  
  139  13:09  Cybernetics Core  
  139  13:13  High Templar x2  
  139  13:17  Archon  
  143  13:20  Nexus  
  143  13:21  High Templar x2  
  143  13:24  Pylon  
  143  13:25  Archon  
  143  13:26  Probe x3  
  150  13:31  Void Ray  
  154  13:36  Zealot  
  154  13:39  Protoss Air Weapons Level 1  
  156  13:43  Void Ray x2  
  164  13:54  Probe  
  164  13:55  Probe x2  
  167  14:02  Assimilator  
  167  14:05  Pylon  
  167  14:07  Assimilator  
  167  14:08  High Templar x2  
  167  14:09  Zealot x2  
  173  14:12  Archon  
  173  14:13  Zealot  
  173  14:15  Zealot  
  177  14:18  Zealot  
  161  14:40  Probe x3  
  157  14:58  High Templar x2  
  157  14:59  High Templar x2  
  165  15:02  Pylon  
  165  15:03  Archon x2  
  165  15:20  Void Ray x2  
  169  15:25  Protoss Air Weapons Level 2  
  165  15:31  Nexus  
  165  15:34  Observer  
  166  15:46  Observer  
  166  15:50  Probe x3, High Templar  
  166  15:51  Observer  
  171  15:58  Probe x3  
  171  15:59  Void Ray  
  174  16:06  Probe  
  179  16:15  Void Ray  
  171  16:30  High Templar  
  176  16:33  Probe x2  
  176  16:34  Probe  
  179  16:40  Shield Battery  
  179  16:48  Void Ray  
  179  16:52  Zealot  
  185  16:56  Mothership  
  185  16:57  Probe x3  
  185  17:01  Assimilator  
  188  17:06  Probe  
  189  17:09  Probe  
  196  17:23  Zealot x2  
  188  17:38  Stalker x4  
  159  17:48  Archon  
  119  18:06  Nexus  
  119  18:08  Carrier  
  119  18:14  High Templar x2  
  127  18:41  Zealot x5  
  135  18:46  High Templar  
  138  18:52  Zealot  
  140  19:09  Zealot x5  
Show
View Real Time Build Order
Export as new Build Order

Elazer Zerg - Winner!

Build Orders: Hatch First, Brood Lord Corruptor, Roach Hydra 

Get SALT Encoding   

  12  0:00  Drone  
  13  0:12  Overlord  
  13  0:17  Drone  
  14  0:31  Drone x2  
  16  0:49  Hatchery  
  15  0:52  Drone  
  15  0:55  Drone  
  17  0:58  Drone  
  18  1:14  Spawning Pool  
  18  1:15  Drone  
  18  1:20  Extractor, Drone  
  18  1:30  Drone  
  19  1:39  Drone  
  20  1:52  Drone  
  21  2:01  Queen x2  
  21  2:02  Overlord  
  21  2:03  Zergling x2  
  26  2:13  Zergling x2  
  26  2:14  Drone  
  28  2:24  Drone x2  
  28  2:28  Hatchery  
  29  2:33  Drone  
  29  2:35  Drone  
  31  2:40  Queen  
  33  2:45  Overlord  
  33  2:49  Drone  
  34  2:54  Drone  
  34  2:55  Drone  
  36  3:06  Zergling x2  
  36  3:09  Drone x2  
  36  3:11  Drone x5  
  44  3:20  Spore Crawler  
  44  3:22  Queen, Extractor  
  44  3:23  Overlord  
  45  3:33  Overlord, Spore Crawler  
  44  3:42  Drone x6  
  44  3:47  Overlord  
  50  3:52  Spore Crawler, Drone x2  
  50  3:54  Drone x2  
  53  3:59  Queen  
  53  4:00  Drone  
  56  4:06  Drone x3  
  56  4:07  Drone  
  59  4:16  Roach Warren  
  58  4:17  Drone x3  
  58  4:21  Overlord  
  58  4:22  Drone x2  
  63  4:27  Extractor x2  
  61  4:31  Lair  
  61  4:33  Zergling x4  
  61  4:35  Queen  
  61  4:37  Overlord  
  65  4:39  Drone  
  65  4:41  Overlord  
  66  4:48  Drone  
  67  4:53  Drone x5  
  67  4:54  Drone  
  67  4:55  Drone  
  67  4:59  Overlord  
  74  5:01  Drone x3  
  74  5:03  Overlord  
  74  5:06  Roach x2  
  81  5:09  Overlord  
  80  5:17  Drone x4  
  84  5:21  Overlord  
  84  5:23  Drone x4  
  84  5:26  Extractor  
  84  5:27  Extractor  
  84  5:28  Evolution Chamber  
  85  5:30  Roach, Glial Reconstitution  
  85  5:33  Roach x4  
  95  5:37  Roach  
  95  5:40  Overlord  
  97  5:42  Extractor  
  97  5:45  Roach x3  
  97  5:46  Hydralisk Den  
  101  5:51  Roach  
  101  5:52  Roach x3  
  101  5:55  Zerg Missile Weapons Level 1  
  109  6:00  Drone x3  
  109  6:01  Drone  
  111  6:15  Muscular Augments  
  111  6:17  Hatchery, Drone  
  111  6:21  Infestation Pit  
  111  6:23  Drone  
  111  6:26  Overlord  
  111  6:27  Hydralisk  
  111  6:28  Hydralisk x2  
  117  6:32  Pneumatized Carapace  
  117  6:35  Hatchery  
  115  6:41  Hydralisk x5  
  125  6:48  Overlord  
  125  6:53  Hydralisk x4  
  133  6:58  Overlord, Hydralisk  
  135  7:07  Drone x8  
  143  7:12  Overlord  
  143  7:14  Drone  
  143  7:15  Drone x3  
  145  7:18  Hive  
  145  7:24  Spire  
  145  7:27  Extractor  
  143  7:30  Overlord  
  143  7:31  Extractor, Hydralisk x2  
  146  7:38  Hydralisk x4  
  146  7:41  Grooved Spines  
  154  7:44  Drone x3  
  154  7:46  Drone x2  
  154  7:50  Zerg Melee Weapons Level 1  
  159  7:53  Baneling Nest  
  158  8:05  Hydralisk x7  
  172  8:16  Overlord  
  172  8:19  Hydralisk  
  172  8:20  Hydralisk x4  
  172  8:22  Overlord  
  182  8:30  Overlord x2  
  182  8:37  Extractor  
  182  8:39  Greater Spire  
  182  8:40  Metabolic Boost  
  181  8:42  Extractor  
  181  8:47  Overlord  
  181  8:48  Drone x5  
  177  9:01  Hydralisk x3  
  177  9:02  Hydralisk x6  
  175  9:12  Hydralisk  
  175  9:13  Hydralisk x3  
  175  9:16  Drone x3  
  180  9:19  Overlord  
  180  9:21  Drone x4  
  179  9:30  Drone x2  
  179  9:32  Corruptor x3  
  185  9:40  Corruptor x2  
  187  9:47  Overlord  
  187  9:50  Drone x2  
  187  9:51  Drone  
  187  9:52  Drone x4  
  194  9:53  Zerg Flyer Weapons Level 1  
  194  9:54  Zerg Melee Weapons Level 2  
  194  9:58  Centrifical Hooks  
  194  10:03  Drone x2  
  195  10:20  Brood Lord x3  
  199  10:31  Brood Lord  
  197  10:36  Zergling x6  
  199  10:56  Brood Lord  
  191  11:09  Hatchery  
  189  11:15  Hydralisk  
  189  11:16  Hydralisk x12  
  189  11:21  Hydralisk x8  
  188  11:27  Hydralisk x9  
  188  11:31  Adrenal Glands  
  198  11:36  Zergling x2  
  198  11:54  Overlord  
  193  12:04  Corruptor  
  193  12:05  Corruptor x2  
  199  12:12  Zerg Melee Weapons Level 3  
  197  12:19  Overlord  
  197  12:21  Overlord, Overseer  
  197  12:23  Overseer  
  197  12:24  Overseer  
  185  12:41  Corruptor x8  
  179  13:06  Spine Crawler  
  179  13:07  Spine Crawler x2  
  179  13:08  Spine Crawler x2  
  179  13:09  Drone x3  
  179  13:10  Spine Crawler x2  
  179  13:12  Spine Crawler x2  
  173  13:13  Corruptor  
  173  13:15  Viper x3  
  173  13:18  Brood Lord  
  173  13:19  Brood Lord  
  188  13:24  Spore Crawler, Drone x4  
  188  13:25  Spore Crawler x2  
  188  13:26  Spore Crawler x3  
  186  13:27  Spore Crawler  
  186  13:28  Spore Crawler x2  
  186  13:29  Spore Crawler  
  186  13:30  Spore Crawler  
  186  13:31  Brood Lord x2, Spore Crawler x2  
  186  13:33  Zergling x34  
  200  13:59  Spore Crawler  
  200  14:01  Spore Crawler x3  
  200  14:02  Spore Crawler  
  194  14:15  Corruptor x2  
  198  14:30  Corruptor  
  185  14:48  Corruptor x2  
  185  14:49  Corruptor x6  
  200  14:55  Zerg Missile Weapons Level 2  
  200  14:56  Pathogen Glands  
  200  15:05  Zerg Flyer Weapons Level 2  
  200  15:07  Burrow  
  194  15:30  Infestor  
  194  15:31  Infestor x6  
  200  15:44  Overseer x3  
  200  15:53  Neural Parasite  
  198  16:23  Hatchery, Infestor  
  198  16:24  Infestor x5  
  189  16:35  Spire  
  189  16:38  Infestor x6  
  200  16:59  Overseer  
  200  17:07  Spine Crawler, Drone x3  
  200  17:09  Spine Crawler  
  200  17:10  Spine Crawler  
  194  17:33  Unknown  
  194  17:34  Unknown  
  123  17:53  Hydralisk x7  
  123  17:54  Hydralisk x23  
  171  18:05  Hydralisk x6  
  171  18:21  Brood Lord x3  
  171  18:22  Brood Lord  
  171  18:24  Zergling x18  
  188  18:37  Zergling x2  
  188  18:38  Zergling x12  
  195  18:50  Baneling x18  
  185  19:16  Extractor  
  167  19:19  Extractor  

Tags
 
Add a new tag
Caveats
  • Supply blocks, unpowered buildings, or Contaminate may cause inaccurate times.
  • Supply counts are checked every 10 seconds.